 Dungeon Crawl Stone Soup version 0.29.1-13-g9f3cf754e1 (webtiles) character file.

Game seed: 11419449447607934101

154 Peloso the Covered (level 5, 0/46 HPs)
             Began as a Minotaur Fighter on Jan 19, 2023.
             Was an Initiate of Okawaru.
             Slain by an orc
             ... wielding a +0 trident
              (6 damage)
             ... on level 4 of the Dungeon.
             The game lasted 00:04:37 (2786 turns).

Peloso the Covered (Minotaur Fighter)               Turns: 2786, Time: 00:04:38

Health: 0/46       AC:  7    Str: 21    XL:     5   Next: 13%
Magic:  4/4        EV:  9    Int:  5    God:    Okawaru [......]
Gold:   124        SH:  4    Dex: 11    Spells: 4/4 levels left

rFire   . . .      SeeInvis .   a - +0 long sword
rCold   . . .      Faith    .   c - +0 buckler
rNeg    . . .      Spirit   .   b - +0 scale mail
rPois   .          Reflect  .   (helmet restricted)
rElec   .          Harm     .   (no cloak)
rCorr   .          Rampage  .   (no gloves)
Will    .....                   (no boots)
Stlth   ..........              (no amulet)
HPRegen 0.15/turn               (no ring)
MPRegen 0.09/turn               (no ring)

@: mighty
A: horns 2, retaliatory headbutt
a: Renounce Religion


You were on level 4 of the Dungeon.
You worshipped Okawaru.
Okawaru was noncommittal.
You visited 1 branch of the dungeon, and saw 4 of its levels.

You collected 124 gold pieces.

Inventory:

Hand Weapons
 a - a +0 long sword (weapon)
Armour
 b - a +0 scale mail (worn)
 c - a +0 buckler (worn)
Wands
 k - a wand of flame (5)
 r - a wand of mindburst (16)
Scrolls
 e - a scroll of noise {unknown}
 f - a scroll of identify
 i - a scroll of magic mapping {unknown}
 l - 3 scrolls of enchant weapon {unknown}
 n - 2 scrolls of teleportation {unknown}
 o - 3 scrolls of poison {unknown}
 p - 2 scrolls of amnesia {unknown}
 q - a scroll of vulnerability {unknown}
Potions
 d - 2 potions of might
 g - 3 potions of cancellation
 h - 2 potions of berserk rage {unknown}
 j - a potion of flight
 m - 4 potions of curing
 s - a potion of mutation {unknown}


   Skills:
 + Level 4.2 Fighting
 + Level 4.2 Long Blades
 + Level 5.0 Armour
 + Level 1.0 Dodging
 + Level 4.2 Shields


You had 4 spell levels left.
You didn't know any spells.
Your spell library contained the following spells:

 Spells                   Type           Power      Damage    Failure   Level
 Passage of Golubria      Tloc           0%         N/A       100%        4
 Yara's Violent Unravell  Hex/Tmut       0%         3d3       100%        5
 Tukima's Dance           Hex            Unusable   N/A       N/A         3

Dungeon Overview and Level Annotations

Branches:
Dungeon (4/15)
 Temple: D:4-7

Altars:
Makhleb
Okawaru
Sif Muna

Shops:
D:1 *

Annotations:
D:3 1 runed translucent door, DildoBatman's ghost, weakling FoCj


Innate Abilities, Weirdness & Mutations

You have a pair of horns on your head.
You reflexively headbutt those who attack you in melee.


Message History

The orc hits you from afar with a +0 trident.
* * * LOW HITPOINT WARNING * * *
Edmund closely misses you.
Unknown command.
You barely miss Edmund. You headbutt Edmund!
Edmund is heavily wounded.
The orc hits you but does no damage.
Edmund hits you with a +2 flail of protection.
* * * LOW HITPOINT WARNING * * *
Unknown command.
It was a potion of curing.
You feel better. Edmund hits you but does no damage.
The orc hits you from afar with a +0 trident.
* * * LOW HITPOINT WARNING * * *
You feel better. Edmund hits you but does no damage.
The orc hits you but does no damage.
You hit Edmund but do no damage.
Edmund is heavily wounded.
The orc closely misses you.
Edmund hits you with a +2 flail of protection.
* * * LOW HITPOINT WARNING * * *
You completely miss Edmund.
Edmund is heavily wounded.
Edmund hits you with a +2 flail of protection.
* * * LOW HITPOINT WARNING * * *
The orc hits you but does no damage. Edmund barely misses you.
The orc hits you but does no damage.
You slash Edmund!
Edmund is almost dead.
The orc barely misses you. Edmund closely misses you. You furiously retaliate!
You headbutt Edmund, but do no damage. You hit Edmund.
Edmund is almost dead.
The orc hits you from afar with a +0 trident.
* * * LOW HITPOINT WARNING * * *
You block Edmund's attack.
You slash Edmund!
You kill Edmund!
Okawaru accepts your kill.
The orc hits you from afar with a +0 trident.
You die...

##.##...).....#.# #
#....######.#)#####
#.######..................
#...........##############
###########.# #### #.#
#!... #.# #.....###.#
#....o)@..# #.....#####
..... ####


You could see an orc.

Vanquished Creatures
  Edmund (D:4)
  2 orc wizards
  4 adders
  A worm (D:3)
  A dart slug (D:1)
  10 orcs
  8 endoplasms
  A giant cockroach (D:1)
  2 goblins
  4 hobgoblins
  A quokka (D:2)
  3 ball pythons
  6 bats
  5 frilled lizards
  7 kobolds
  5 rats
61 creatures vanquished.

Vanquished Creatures (others)
  5 plants (D:4)
5 creatures vanquished.

Grand Total: 66 creatures vanquished

Notes
Turn   | Place    | Note
-------+----------+-------------------------------------------
     0 | D:1      | Peloso the Minotaur Fighter began the quest for the Orb.
     0 | D:1      | Reached XP level 1. HP: 19/19 MP: 0/0
   247 | D:1      | Reached XP level 2. HP: 25/27 MP: 1/1
   382 | D:1      | Found Koung's Assorted Antiques.
   710 | D:1      | Reached skill level 4 in Armour
  1013 | D:2      | Found a faded altar of an unknown god.
  1025 | D:2      | Reached XP level 3. HP: 28/33 MP: 2/2
  1731 | D:3      | Found a shimmering blue altar of Sif Muna.
  2006 | D:3      | Reached XP level 4. HP: 38/40 MP: 3/3
  2123 | D:3      | Found a runed translucent door.
  2123 | D:3      | Noticed DildoBatman's ghost (weakling FoCj)
  2667 | D:4      | Reached skill level 1 in Dodging
  2677 | D:4      | Found an iron altar of Okawaru.
  2688 | D:4      | Became a worshipper of Warmaster Okawaru
  2693 | D:4      | Found a burning altar of Makhleb.
  2769 | D:4      | Noticed Edmund
  2774 | D:4      | Reached XP level 5. HP: 26/46 MP: 4/4
  2776 | D:4      | Reached skill level 5 in Armour
  2786 | D:4      | Killed Edmund
  2786 | D:4      | Slain by an orc

Illustrated notes

Levels and vault maps discovered:
D:1:      kilobyte_arrival_exit_the_forest, layout_loops_cross, serial_shops,
          shop
D:2:      layout_basic, chequers_ecumenical_altar_island
D:3:      layout_basic, led_sif_book, ebering_ghost_inner_flame
D:4:      layout_loops_ring, mainiacjoe_overflow_catch_the_wave, uniq_edmund,
          uniq_robin, uniq_crazy_yiuf_cottage

Skill      XL: |  1  2  3  4  5 |
---------------+----------------+-----
Fighting       | 4 |  4.2
Shields        | 4 |  4.2
Armour         | 4 5 |  5.0
Long Blades    | 3 4 |  4.2
Dodging        | 1 |  1.0

Action                   |  1- 3 |  4- 6 || total
-------------------------+-------+-------++-------
Melee: Long sword        |    81 |    50 ||   131
       Headbutt          |    13 |     8 ||    21
  Use: Scroll            |     4 |       ||     4
       Potion            |       |     3 ||     3
Armor: Scale mail        |    40 |    18 ||    58
Dodge: Dodged            |    47 |    20 ||    67
Block: Buckler           |    26 |     9 ||    35
